 Dungeon Crawl Stone Soup version 0.17.1-3-g152610e (webtiles) character file.

1264 manyhoops the Chopper (level 8, -7/65 HPs)
             Began as a Demonspawn Gladiator on Apr 23, 2016.
             Was an Initiate of Okawaru.
             Mangled by a troll (16 damage)
             ... on level 6 of the Dungeon.
             The game lasted 00:12:21 (5483 turns).

manyhoops the Chopper (Demonspawn Gladiator)        Turns: 5483, Time: 00:12:22

Health: -7/65      AC:  9    Str: 23    XL:     8   Next: 27%
Magic:  8/8        EV: 11    Int: 13    God:    Okawaru [......]
Gold:   282        SH:  0    Dex: 14    Spells: 0 memorised, 7 levels left

rFire  . . .     SeeInvis .     a - +1 war axe
rCold  . . .     Clarity  .     i - +1 scale mail
rNeg   . . .     SustAt   .     (no shield)
rPois  .         Gourm    .     (helmet unavailable)
rElec  .         Spirit   .     (no cloak)
rCorr  .         Warding  .     (no gloves)
rMut   .         Stasis   .     (no boots)
MR     .....                    (no amulet)
Stlth  ..........               x - ring of loudness (curse)
                                l - +4 ring of intelligence

@: mighty, not resistant to hostile enchantments, extremely unstealthy
A: horns 3, rugged brown scales 1
a: Renounce Religion


You were on level 6 of the Dungeon.
You worshipped Okawaru.
Okawaru was noncommittal.
You were not hungry.

You visited 2 branches of the dungeon, and saw 8 of its levels.

You collected 282 gold pieces.

Inventory:

Hand Weapons
 a - a +1 war axe (weapon)
Missiles
 d - 5 throwing nets (quivered)
Armour
 b - a +0 leather armour
 c - a +0 helmet
 i - a +1 scale mail (worn)
Jewellery
 l - a +4 ring of intelligence (left hand)
 x - a cursed ring of loudness (right hand)
Scrolls
 g - 2 scrolls of remove curse
 h - 5 scrolls of recharging
 y - a scroll of identify
Potions
 f - a potion of flight {unknown}
 j - 2 potions of brilliance
 p - a potion of mutation {unknown}
 r - a potion of invisibility {unknown}
 s - 3 potions of cure mutation {unknown}
 t - a potion of resistance
 w - 2 potions of ambrosia
Books
 q - a Necronomicon

   Spells                             Type                      Level
   a - Haunt                          Necromancy/Summoning         7
   b - Borgnjor's Revivification      Necromancy                   8
   c - Death's Door                   Charms/Necromancy            8
   d - Necromutation                  Transmutation/Necromancy     8
 A - a Necronomicon

   Spells                             Type                      Level
   a - Haunt                          Necromancy/Summoning         7
   b - Borgnjor's Revivification      Necromancy                   8
   c - Death's Door                   Charms/Necromancy            8
   d - Necromutation                  Transmutation/Necromancy     8
Comestibles
 e - 3 bread rations
 n - 2 meat rations
 o - a royal jelly
 v - 10 fruits


   Skills:
 + Level 5.6 Fighting
 + Level 6.4 Axes
 - Level 1.7 Throwing
 + Level 4.9 Armour
 - Level 2.6 Dodging


You had 7 spell levels left.
You didn't know any spells.

Dungeon Overview and Level Annotations

Branches:
Dungeon (7/15)             Temple (1/1) D:5

Altars:
Ashenzari
Cheibriados
Elyvilon
Fedhas
Gozag
Kikubaaqudgha
Makhleb
Nemelex Xobeh
Okawaru
Qazlal
Ru
Sif Muna
Trog
Vehumet
Xom
Yredelemnul
Zin
The Shining One

Annotations:
D:4 Alipheese's ghost, novice NaWz


Innate Abilities, Weirdness & Mutations

You have a pair of large horns on your head.
You are partially covered in rugged brown scales (AC +1, +3% HP).


Message History

* * * LOW HITPOINT WARNING * * *
All of the chunks of flesh in your inventory have rotted away.
You feel very mighty all of a sudden. The troll bites you!
* * * LOW HITPOINT WARNING * * *
The troll barely misses you. The troll closely misses you.
You feel better. The troll barely misses you. The troll misses you.
The troll completely misses you.
You closely miss the troll. You headbutt the troll!
The troll is lightly wounded.
The troll bites you but does no damage. The troll claws you but does no damage.
The troll claws you.
* * * LOW HITPOINT WARNING * * *
You closely miss the troll. You headbutt the troll!
The troll is moderately wounded.
The troll bites you.
* * * LOW HITPOINT WARNING * * *
The troll closely misses you. x2
The troll bites you!
You die...

#.......##.#...##
##......# #
##......#..#....##
###....# ##
#......#.##.....##
##.))# .##
#.....#.###......#
###)## ..#
##....#.#
#......## #..#
..## ##....##
#.......# ##.#
...# ##...#
#.......## #.#
...## ##.##
#.T......# #.#
....# ##.#
#.@.....## #.#
....# #.##
##......# #.##
....####.#
#...#### #..#
.....##.## #####
##.. .....#..#
###### #.##
.....#>##
####....####.##
#......#
#.........#.##
#.....##
##........(..#
##....#
#.........(.##


You could see a troll.

Vanquished Creatures
  An ice beast (D:4)
  2 ogres
  2 centaurs (D:5)
  A crimson imp (D:5)
  An orc priest (D:4)
  5 hounds
  3 jellies
  2 orc wizards (D:4)
  2 iguanas
  4 worker ants
  3 hound skeletons
  12 adders
  7 gnolls
  2 shadow imps
  An adder skeleton (D:7)
  4 worms
  6 giant geckos
  11 orcs
  3 ball pythons
  6 giant cockroaches
  8 goblins
  4 hobgoblins (D:1)
  3 jackals (D:5)
  12 bats
  A giant gecko zombie (D:5)
  5 giant newts
  4 kobolds
  2 quokkas
  5 rats
122 creatures vanquished.

Vanquished Creatures (collateral kills)
  An orc (D:6)
1 creature vanquished.

Grand Total: 123 creatures vanquished

Notes
Turn   | Place    | Note
--------------------------------------------------------------
     0 | D:1      | manyhoops the Demonspawn Gladiator began the quest for the Orb.
     0 | D:1      | Reached XP level 1. HP: 16/16 MP: 1/1
    34 | D:1      | Reached skill level 3 in Axes
    39 | D:1      | Gained mutation: You are partially covered in rugged brown scales (AC +1, +3% HP). [demonic ancestry]
    39 | D:1      | Reached XP level 2. HP: 5/22 MP: 2/2
   763 | D:2      | Reached XP level 3. HP: 18/28 MP: 3/3
   993 | D:2      | Gained mutation: You have a pair of small horns on your head. [demonic ancestry]
   993 | D:2      | Reached XP level 4. HP: 32/35 MP: 4/4
   994 | D:2      | Reached skill level 1 in Armour
  1446 | D:3      | Reached skill level 4 in Axes
  1566 | D:3      | Gained mutation: You have a pair of horns on your head. [demonic ancestry]
  1566 | D:3      | Reached XP level 5. HP: 31/42 MP: 5/5
  1644 | D:3      | Noticed an ogre
  1667 | D:3      | Killed an ogre
  2235 | D:4      | Reached XP level 6. HP: 45/48 MP: 6/6
  2387 | D:4      | Reached skill level 5 in Axes
  2402 | D:4      | HP: 1/49 [poisoned by an orc wizard]
  2658 | D:4      | Noticed Alipheese's ghost (novice NaWz)
  2758 | D:4      | Reached XP level 7. HP: 46/55 MP: 7/7
  3376 | D:5      | Entered Level 5 of the Dungeon
  3778 | D:5      | Reached skill level 5 in Fighting
  3899 | D:5      | Reached skill level 6 in Axes
  3966 | D:5      | Found a staircase to the Ecumenical Temple.
  4154 | Temple   | Entered the Ecumenical Temple
  4247 | Temple   | Became a worshipper of Warmaster Okawaru
  4341 | D:5      | Found a stormy altar of Qazlal.
  4687 | D:6      | Gained mutation: You have a pair of large horns on your head. [demonic ancestry]
  4687 | D:6      | Reached XP level 8. HP: 38/63 MP: 8/8
  5422 | D:7      | Noticed a troll
  5483 | D:6      | Mangled by a troll

Action                   |  1- 3 |  4- 6 |  7- 9 || total
-------------------------+-------+-------+-------++-------
Melee: War axe           |   140 |   142 |   140 ||   422
  Use: Scroll            |     1 |     7 |     6 ||    14
       Potion            |       |     1 |     3 ||     4
  Eat: Meat ration       |       |     1 |     1 ||     2
       Chunk             |       |     1 |     4 ||     5
